AoeStats
← JOLIAT

Arena

509928612Analyzed
1v1 RM · 3d ago on Sep 28, 2026· 28m 55s· 2 players
Game mode
Random Map
Map size
Tiny (2 player)
Population
200
Speed
Normal
Resources
Standard
Victory
Conquest
Starting age
Dark Age
Ending age
Imperial Age
RankedLock teamsTeams togetherTeam positionsShared explorationLock speedFull tech treeHidden civsTurbo modeCheats
Victory
Defeat
🇺🇸 Danes · United States
2088
+14
🇨🇴 Tatars · Colombia
2041
-14
JOLIAT
10:32 Feudal Age
14:06 Castle Age
11:54 Double-Bit Axe
12:09 Horse Collar
15:06 Bow Saw
15:17 Heavy Plow
16:19 Wheelbarrow
19:29 Hand Cart
21:31 Loom
21:45 Gold Mining
24:27 Scale Barding Armor
24:55 Fletching
26:06 Chain Barding Armor
26:11 Bodkin Arrow
26:49 Chain Barding Armor
28:13 Bloodlines
28:43 Forging
Ornlu
9:57 Feudal Age
11:30 Double-Bit Axe
14:01 Castle Age
12:05 Horse Collar
16:07 Bow Saw
17:34 Heavy Plow
21:22 Wheelbarrow
20:35 Loom
20:50 Town Watch
21:40 Gold Mining
21:42 Stone Mining
22:44 Hand Cart
23:28 Fletching
24:12 Scale Mail Armor
25:35 Chain Mail Armor
26:13 Forging
26:01 Bodkin Arrow
27:04 Arson
27:20 Squires
27:31 Forging
29:50 Iron Casting
Connection lost

Rejoining the realm…

Still unreachable

The connection could not be restored.

Session expired

The server has moved on; the page needs a fresh start.